 Dungeon Crawl Stone Soup version 0.30.1-3-gfc49f6343a (webtiles) character file.

Game seed: 11345809321586420348

70 H0rd4k the Charlatan (level 4, -10/32 HPs)
             Began as a Human Artificer on July 20, 2023.
             Killed by divine providence
             ... invoked by an orc priest
              (15 damage)
             ... on level 3 of the Dungeon.
             The game lasted 00:02:13 (1868 turns).

H0rd4k the Charlatan (Human Artificer)              Turns: 1868, Time: 00:02:14

Health: -10/32     AC:  5    Str: 13    XL:     4   Next: 44%
Magic:  5/5        EV: 12    Int: 13    God:
Gold:   140        SH:  0    Dex: 13    Spells: 4/4 levels left

rFire   . . .        r - +0 hammer (protect)
rCold   . . .        (no shield)
rNeg    . . .        o - +2 robe {Archmagi}
rPois   .            (no helmet)
rElec   .            a - scarf {+Inv}
rCorr   .            b - +0 pair of gloves
SInv    .            (no boots)
Will    .....        (no amulet)
Stlth   ++           (no ring)
HPRegen 0.25/turn    (no ring)
MPRegen 0.09/turn

%: archmagi
@: no status effects
A: no striking features
a: Evoke Invisibility


You were on level 3 of the Dungeon.
You visited 1 branch of the dungeon, and saw 3 of its levels.

You collected 140 gold pieces.

Inventory:

Hand Weapons
 r - a +0 hammer of protection (weapon)
Armour
 a - a scarf of invisibility (worn)
 b - a +0 pair of gloves (worn)
 o - a +2 robe of the Archmagi (worn)
Jewellery
 n - a +5 ring of evasion
Wands
 c - a wand of flame (15) (quivered)
 d - a wand of charming (13)
 e - a wand of iceblast (5)
Scrolls
 i - a scroll of poison {unknown}
 j - a scroll of enchant armour {unknown}
 k - 2 scrolls of fear {unknown}
 m - a scroll of teleportation {unknown}
 p - a scroll of identify {unknown}
Potions
 f - 2 potions of lignification {unknown}
 g - 4 potions of might {unknown}
 h - a potion of brilliance {unknown}
 l - a potion of haste {unknown}
 q - a potion of curing {unknown}
 s - a potion of attraction {unknown}


   Skills:
 + Level 1.4 Fighting
 + Level 1.2 Maces & Flails
 - Level 2.0 Armour
 + Level 2.0 Dodging
 + Level 1.3 Stealth
 * Level 0.7 Spellcasting
 - Level 3.7 Evocations


You had 4 spell levels left.
You didn't know any spells.
Your spell library contained the following spells:

 Spells                   Type           Power      Damage    Failure   Level
 Summon Guardian Golem    Hex/Summ       0%         N/A       65%         3
 Vhi's Electric Charge    Tloc/Air       0%         N/A       65%         3
 Arcjolt                  Conj/Air       0%         1d10      100%        5
 Summon Forest            Summ/Tloc      0%         N/A       100%        5
 Eringya's Noxious Bog    Tmut/Pois      0%         N/A       100%        6
 Plasma Beam              Fire/Air       0%         2x1d11    100%        6
 Orb of Destruction       Conj           0%         9d5       100%        7
 Spellforged Servitor     Conj/Summ      0%         N/A       100%        7
 Summon Hydra             Summ           0%         N/A       100%        7


Dungeon Overview and Level Annotations

Branches:
Dungeon (3/15)

Altars:
Elyvilon

Annotations:
D:2 1 runed translucent door, exclusion: door, Crazy Yiuf


Message History

You hit the goblin but do no damage. The goblin hits you but does no damage.
You closely miss the goblin. The goblin completely misses you.
The goblin closely misses you.
You barely miss the goblin. The goblin hits you but does no damage.
You closely miss the goblin. The goblin hits you with a +0 club.
The orc priest looks satisfied for a moment.
You hit the goblin.
Your weapon exudes an aura of protection.
You kill the goblin!
The orc priest mumbles some strange prayers to Beogh against you.
Beogh smites you!
You hit the orc priest but do no damage.
The orc priest barely misses you.
You barely miss the orc priest.
The orc priest hits you but does no damage. x2
You hit the orc priest but do no damage.
The orc priest barely misses you.
You hit the orc priest.
The orc priest is moderately wounded.
The orc priest barely misses you.
You closely miss the orc priest.
The orc priest is moderately wounded.
The orc priest barely misses you. The orc priest closely misses you.
You barely miss the orc priest.
The orc priest is moderately wounded.
The orc priest misses you.
You thump the orc priest!
The orc priest is severely wounded.
The orc priest hits you with a +0 hand axe.
The orc priest hits you but does no damage.
You closely miss the orc priest.
The orc priest is severely wounded.
The orc priest calls down the wrath of Beogh upon you.
Pain shoots through your body!
* * * LOW HITPOINT WARNING * * *
You closely miss the orc priest.
The orc priest is severely wounded.
The orc priest mumbles some strange prayers to Beogh against you.
Beogh smites you!
You die...

.#.# #........... #
#####.#.#. #.###.#.....
.###..#....... #.# #.#.####
. ........#.#.## #.# #.#.#
...##8.....#.... #.# #.#.[
...........#...## #.# #)###
#.....<.8......# #.# #.#
###....J..#...†###.#.###.#
##8....##..o@)...#.....#
##..
##....##...######.....##....
..........#..........##....
....#####..#.####.....#.....
###.. #..#..........#.....
##. #..#.###.####.#.....
#........# #.#.....
##.####### #.......
#............##h...


You could see an orc priest.

Vanquished Creatures
  A gnoll (D:3)
  A worm (D:2)
  2 dart slugs (D:1)
  4 orcs (D:2)
  6 ball pythons
  2 endoplasms
  4 giant cockroaches
  6 goblins
  A hobgoblin (D:2)
  3 kobolds
  3 quokkas
  3 bats
  2 frilled lizards
  2 rats
40 creatures vanquished.

Vanquished Creatures (others)
  Natasha (D:3)
1 creature vanquished.

Grand Total: 41 creatures vanquished

Notes
Turn   | Place    | Note
-------+----------+-------------------------------------------
     0 | D:1      | H0rd4k the Human Artificer began the quest for the Orb.
     0 | D:1      | Reached XP level 1. HP: 15/15 MP: 1/1
   196 | D:1      | Reached XP level 2. HP: 19/21 MP: 2/2
   412 | D:1      | Found a faded altar of an unknown god.
   995 | D:2      | Reached XP level 3. HP: 18/26 MP: 3/3
  1210 | D:2      | Found a white marble altar of Elyvilon.
  1271 | D:2      | Found a runed translucent door.
  1272 | D:2      | Noticed Crazy Yiuf
  1712 | D:3      | Reached XP level 4. HP: 29/32 MP: 4/4
  1766 | D:3      | Noticed Natasha
  1777 | D:3      | Your ally Natasha died
  1778 | D:3      | Reached skill level 1 in Maces & Flails
  1868 | D:3      | Killed from afar by an orc priest

Illustrated notes

Levels and vault maps discovered:
D:1:      lemuel_arrival_tunnels, layout_loops_ring,
          shapermc_ecumenical_altar_mp_highgroup
D:2:      layout_rooms, basic_altar, minivault_24, skrybe_limestone_x,
          uniq_crazy_yiuf_cottage
D:3:      layout_basic, grunt_ministairs_1, minmay_circle_x, uniq_natasha

Skill      XL: |  1  2  3  4 |
---------------+-------------+-----
Maces & Flails | 1 |  1.2
Dodging        | 2 |  2.0
Fighting       | |  1.4
Armour         | |  2.0
Stealth        | |  1.3
Spellcasting   | |  0.7
Evocations     | |  3.7

Action                     |  1- 3 |  4- 6 || total
---------------------------+-------+-------++-------
  Melee: Club              |    41 |       ||    41
         Mace              |    79 |    38 ||   117
  Evoke: Wand              |       |     2 ||     2
   Stab: Sleeping          |     1 |       ||     1
 Armour: Leather armour    |    16 |       ||    16
         Robe              |    40 |    15 ||    55
  Dodge: Dodged            |   100 |    20 ||   120
